Match 41019718
Unlisted

Match 41019718
End
Kradschützen Motorcycle Team
Selects Panzerjäger Kommand Battlegroup
Selects Mine Fields
Panzergrenadier Squad
Panzergrenadier Squad
Construct Light Support Kompanie
Panzerjäger Squad
Fire Support Elements
le.IG 18 Mechanized Group
Selects Tank Busters
Veteran Squad Leaders
Combat Half-tracks
2.5-tonne Medical Truck
Flakvierling Half-track
Pak 38 Anti-tank Gun Team
Losttruppen
Cmplord
gr.ape
M8 Rex
SmeltedElk
LegendaireNic
Curtis James
Blanco
0
0

Comments sign in to comment!

No comments posted yet!